[Event "Titled Tuesday Blitz July 18 Late 2023"]
[White "Bartel, Mateusz"]
[Black "Santos Flores, Alberto"]
[WhiteFideId "1112635"]
[BlackFideId "3601234"]
[WhiteElo "2846"]
[BlackElo "2534"]
[Result "1-0"]
[Round "2"]
[TimeControl "180+2"]
[Date "2023.07.18"]
[WhiteClock "0:00:13"]
[BlackClock "0:00:00"]
[Board "35"]

1. e3 d5 2. Nf3 Nf6 3. h3 Bf5 4. b3 h6 5. Bb2 e6 6. Be2 Nbd7 7. d3 c6 8. Nbd2 a5 9. a4 Be7 10. g4 Bh7 11. Nf1 Bd6 12. Ng3 Qc7 13. Rg1 Ne5 14. Qd2 Nxf3+ 15. Bxf3 Be5 16. c3 Bd6 17. Ne2 Nd7 18. Bg2 Nc5 19. Nc1 Qb6 20. Qd1 e5 21. Bf1 O-O 22. g5 hxg5 23. Rxg5 Bg6 24. h4 Be7 25. Rg2 Bxh4 26. Qg4 Bf6 27. Rh2 Rfe8 28. Ba3 Be7 29. d4 exd4 30. cxd4 Ne4 31. Bxe7 Rxe7 32. Qh4 Qb4+ 33. Ke2 Qd2+ 34. Kf3 Qxf2+ 35. Rxf2 Nxf2 36. Kxf2 Rae8 37. Qg3 Bc2 38. Ne2 Bd3 39. Nf4 Be4 40. Bg2 1-0


[Site "https://www.chess.com"]

[Event "Titled Tuesday Blitz July 18 Late 2023"]
[White "Marosi, Levente"]
[Black "Gadimbayli, Abdulla"]
[WhiteFideId "747181"]
[BlackFideId "13404938"]
[WhiteElo "2533"]
[BlackElo "2838"]
[Result "0-1"]
[Round "2"]
[TimeControl "180+2"]
[Date "2023.07.18"]
[WhiteClock "0:00:34"]
[BlackClock "0:01:47"]
[Board "36"]

1. e4 e5 2. Nf3 d5 3. exd5 e4 4. Qe2 Nf6 5. Nc3 Be7 6. Nxe4 O-O 7. d4 Nxe4 8. Qxe4 Re8 9. c3 Bd6 10. Ne5 f6 11. f4 Nd7 12. Be3 fxe5 13. fxe5 Nxe5 14. dxe5 Rxe5 15. Qd4 Qe7 16. O-O-O Rxe3 17. Bc4 Bf5 18. Rhf1 Bg6 19. Kd2 Re4 20. Qd3 Qg5+ 0-1


[Site "https://www.chess.com"]

[Event "Titled Tuesday Blitz July 18 Late 2023"]
[White "Ozen, Bahadir"]
[Black "Rangel, Daniel"]
[WhiteFideId "6337058"]
[BlackFideId "2124475"]
[WhiteElo "2833"]
[BlackElo "2532"]
[Result "1-0"]
[Round "2"]
[TimeControl "180+2"]
[Date "2023.07.18"]
[WhiteClock "0:00:46"]
[BlackClock "0:00:00"]
[Board "37"]

1. g3 Nf6 2. Nf3 e6 3. Bg2 d5 4. O-O Be7 5. b3 O-O 6. Bb2 a5 7. c4 a4 8. e3 c6 9. d3 b5 10. cxb5 cxb5 11. a3 axb3 12. Nbd2 b4 13. axb4 Rxa1 14. Qxa1 Bxb4 15. Nxb3 Nc6 16. Rc1 Bd7 17. Nc5 Bxc5 18. Rxc5 Qb6 19. Rc1 Qd8 20. Ne5 Nxe5 21. Bxe5 Qe7 22. h3 Rc8 23. Rxc8+ Bxc8 24. Qa8 Qd7 25. Qa1 Ne8 26. f4 h6 27. g4 Qb5 28. Bf1 Bd7 29. Qa3 Qc6 30. Qe7 f6 31. Bd4 Qd6 32. Qxd6 Nxd6 33. Kf2 Kf7 34. Be2 Bb5 35. Ke1 Ke7 36. Kd2 Kd7 37. Bd1 Bc6 38. Bc5 g5 39. Bd4 Ke7 40. Bc3 Nf7 41. Bb4+ Kd7 42. Bf8 e5 43. f5 Ke8 44. Bg7 Ke7 45. Bb3 Kd6 46. Bxf6 Bb5 47. Kc3 Bc6 48. d4 e4 49. Kb4 Bd7 50. Bg7 Kc6 51. Ka5 Kd6 52. Kb6 Bc6 53. Be5+ Nxe5 54. dxe5+ Kd7 55. Kc5 Bb7 56. Bxd5 1-0


[Site "https://www.chess.com"]

[Event "Titled Tuesday Blitz July 18 Late 2023"]
[White "Zhang, Derek"]
[Black "Perez Ponsa, Federico"]
[WhiteFideId "2087871"]
[BlackFideId "117927"]
[WhiteElo "2531"]
[BlackElo "2827"]
[Result "0-1"]
[Round "2"]
[TimeControl "180+2"]
[Date "2023.07.18"]
[WhiteClock "0:00:15"]
[BlackClock "0:00:21"]
[Board "38"]

1. Nf3 Nf6 2. c4 g6 3. Nc3 Bg7 4. e4 d6 5. d4 O-O 6. h3 e5 7. d5 a5 8. g4 Na6 9. Be3 Nc5 10. Nd2 c6 11. Be2 a4 12. Bxc5 dxc5 13. Nf1 a3 14. b3 Qa5 15. Qd2 Bh6 16. Ne3 Bf4 17. O-O-O Rd8 18. Qc2 Bd7 19. Kb1 Be8 20. h4 h6 21. Rhg1 Kg7 22. g5 hxg5 23. hxg5 Nh7 24. Nf5+ gxf5 25. exf5 Nxg5 26. f6+ Kxf6 27. Rxg5 Bxg5 28. Ne4+ Ke7 29. Nxg5 cxd5 30. Qf5 Qc3 31. Qc2 Qxc2+ 32. Kxc2 f6 33. Nf3 Bg6+ 34. Kc1 dxc4 35. Rxd8 Rxd8 36. Bxc4 Be4 37. Nd2 Bc6 38. Be2 b5 39. Kc2 Rd4 40. Kc3 b4+ 41. Kc2 Be4+ 42. Kc1 Bd5 43. Bd1 f5 44. Nf1 Rf4 45. Ne3 Be4 46. Nc4 Kf6 0-1


[Site "https://www.chess.com"]

[Event "Titled Tuesday Blitz July 18 Late 2023"]
[White "Martinez Reyes, Pedro Ramon"]
[Black "Zelbel, Patrick"]
[WhiteFideId "3901807"]
[BlackFideId "24624322"]
[WhiteElo "2530"]
[BlackElo "2820"]
[Result "0-1"]
[Round "2"]
[TimeControl "180+2"]
[Date "2023.07.18"]
[WhiteClock "0:00:00"]
[BlackClock "0:00:45"]
[Board "39"]

1. e4 d5 2. exd5 Qxd5 3. Nc3 Qa5 4. Nf3 Nf6 5. g3 c6 6. Bg2 e5 7. O-O Bg4 8. h3 Bxf3 9. Qxf3 Bc5 10. Ne4 Nxe4 11. Qxe4 O-O 12. b4 Bxb4 13. Rb1 Na6 14. c3 Bd6 15. d4 Rab8 16. Be3 Rfe8 17. Qd3 exd4 18. cxd4 Nb4 19. Qc4 Nd5 20. Bc1 a6 21. Kh2 Re7 22. Bg5 Ree8 23. Bc1 h6 24. h4 Re7 25. Bb2 Rbe8 26. Bf3 Qd8 27. Kg2 Bb8 28. Bc1 Qd6 29. Bxd5 cxd5 30. Qd3 Qe6 31. Be3 b5 32. a4 bxa4 33. Ra1 Qd7 34. Qxa6 Qg4 0-1


[Site "https://www.chess.com"]

[Event "Titled Tuesday Blitz July 18 Late 2023"]
[White "Karacsonyi, Gellert"]
[Black "Graif, William"]
[WhiteFideId "764620"]
[BlackFideId "2609835"]
[WhiteElo "2815"]
[BlackElo "2530"]
[Result "1-0"]
[Round "2"]
[TimeControl "180+2"]
[Date "2023.07.18"]
[WhiteClock "0:00:42"]
[BlackClock "0:00:00"]
[Board "40"]

1. e4 e5 2. Nf3 Bc5 3. c3 d5 4. exd5 Nf6 5. Nxe5 O-O 6. d4 Qxd5 7. Qf3 Bd6 8. Qxd5 Nxd5 9. Bc4 Be6 10. O-O Bxe5 11. dxe5 Nxc3 12. Nxc3 Bxc4 13. Rd1 Nc6 14. f4 Rad8 15. Be3 b6 16. b3 Bd3 17. Rd2 Rd7 18. Rc1 Rfd8 19. Kf2 Kf8 20. Nd1 Ne7 21. Nb2 c5 22. Nxd3 Rxd3 23. Rxd3 Rxd3 24. Ke2 Rd5 25. Rc4 h5 26. b4 cxb4 27. Rxb4 Ke8 28. Ra4 Nc6 29. h3 Kd7 30. g4 hxg4 31. hxg4 Ra5 32. Rxa5 Nxa5 33. Kd3 g6 34. Ke4 Nc4 35. Bc1 b5 36. Kd5 a6 37. f5 gxf5 38. gxf5 Nb6+ 39. Kc5 Na4+ 40. Kd4 Kc6 41. Ba3 Nb6 42. Bc5 Nd7 43. Bd6 a5 44. Be7 Nb6 45. Bd8 1-0


[Site "https://www.chess.com"]

[Event "Titled Tuesday Blitz July 18 Late 2023"]
[White "Skvortsov, Andrei"]
[Black "Estrada Nieto, Julian"]
[WhiteFideId "24108600"]
[BlackFideId "5101018"]
[WhiteElo "2803"]
[BlackElo "2528"]
[Result "1-0"]
[Round "2"]
[TimeControl "180+2"]
[Date "2023.07.18"]
[WhiteClock "0:00:59"]
[BlackClock "0:00:00"]
[Board "41"]

1. e4 e5 2. d4 exd4 3. Qxd4 Nc6 4. Qd3 Nf6 5. Nc3 Bb4 6. Bd2 O-O 7. O-O-O Re8 8. Nge2 d6 9. Bg5 h6 10. Bxf6 Qxf6 11. Nd5 Qd8 12. Nxb4 Nxb4 13. Qd2 a5 14. Nc3 Bd7 15. f4 a4 16. a3 Nc6 17. Rg1 Bg4 18. Re1 Ne7 19. f5 f6 20. Bc4+ Kf8 21. Nd5 Bh5 22. Nf4 Bf7 23. Qb4 Nc6 24. Qc3 Ne5 25. Bxf7 Kxf7 26. Ne6 Rxe6 27. fxe6+ Kxe6 28. g4 Qd7 29. h4 Qc6 30. Qe3 Rf8 31. Ref1 Qc4 32. Kb1 b5 33. g5 hxg5 34. hxg5 Kd7 35. gxf6 gxf6 36. Rg7+ Kc6 37. Rd1 Qc5 38. Qe1 Kb6 39. Rd5 Qc4 40. Qe3+ Kb7 41. Rd1 Rh8 42. Rg2 Rh4 43. Re1 b4 44. axb4 Qxb4 45. Rge2 Nc4 46. Qc3 Qxc3 47. bxc3 Kc6 48. Rf2 Rh6 49. Ka2 Ne5 50. Ref1 Rh4 51. Rf4 Rh3 52. Rxf6 Rxc3 53. R6f2 Kb5 54. Rb1+ Kc4 55. Re2 Nc6 56. Kb2 Nb4 57. Ra1 Rf3 58. Rxa4 Kb5 59. Ra3 Rf4 60. e5 dxe5 61. Rxe5+ c5 62. Rc3 Rc4 63. Rxc4 Kxc4 64. Re4+ Kb5 65. Rh4 Nd5 66. c4+ Kc6 67. cxd5+ Kxd5 68. Kc3 c4 69. Rxc4 Kd6 70. Rd4+ Ke5 71. Kd3 Ke6 72. Ke4 Ke7 73. Kf5 Kf7 74. Rd7+ Ke8 75. Ke6 Kf8 76. Kf6 Ke8 77. Rd4 1-0


[Site "https://www.chess.com"]

[Event "Titled Tuesday Blitz July 18 Late 2023"]
[White "Bagrationi, Alexander"]
[Black "Oro, Faustino"]
[WhiteFideId "14104954"]
[BlackFideId "20000197"]
[WhiteElo "2527"]
[BlackElo "2793"]
[Result "1-0"]
[Round "2"]
[TimeControl "180+2"]
[Date "2023.07.18"]
[WhiteClock "0:00:02"]
[BlackClock "0:00:00"]
[Board "42"]

1. d4 Nf6 2. Nf3 e6 3. g3 Be7 4. Bg2 O-O 5. O-O d5 6. b3 c5 7. Bb2 Nc6 8. e3 Qc7 9. Nbd2 Rd8 10. Qe2 b6 11. c4 Bb7 12. Rac1 Rac8 13. Rfd1 Qb8 14. cxd5 Nxd5 15. dxc5 Bxc5 16. Nc4 Bf8 17. Ng5 h6 18. Ne4 b5 19. Ncd2 a6 20. Qh5 Ndb4 21. Nf6+ gxf6 22. Bxf6 Rd5 23. Qg4+ Rg5 24. Bxg5 hxg5 25. Qxg5+ Bg7 26. Ne4 Qe5 27. Qxe5 Bxe5 28. a3 Nd5 29. Nc5 Ba8 30. Bxd5 exd5 31. Rxd5 Bb2 32. Rc2 Bxa3 33. Nxa6 Bb7 34. Nc5 Nb4 35. Rg5+ Kf8 36. Nd7+ Ke7 37. Rxc8 Bxc8 38. Nc5 Nc6 39. Nd3 b4 40. Rb5 Be6 41. Nc5 Bd5 42. e4 Nd4 43. Rb6 Bxb3 44. Nxb3 Nxb3 45. h4 Nd2 46. e5 b3 47. h5 b2 48. h6 Nf3+ 49. Kg2 Nxe5 50. h7 Ng6 51. Rxg6 b1=Q 52. h8=Q Qxg6 53. Qe5+ Kf8 54. Qb8+ Kg7 55. Qe5+ Kg8 56. Qe8+ Bf8 57. Qe2 Qc6+ 58. Kh2 Bd6 59. Qg4+ Kf8 60. Qf5 Qb6 61. Kg2 Ke7 62. Qe4+ Kd8 63. Qd5 Ke7 64. Qe4+ Kf8 65. Qd5 Qc7 66. Qe4 Bc5 67. Qd5 Qb6 68. Qf3 Qb2 69. Kf1 Bd4 70. Kg2 Kg7 71. Qf5 Qd2 72. Qg4+ Kf6 73. Qf3+ Ke7 74. Qe4+ Kd6 75. Qf5 f6 76. Qf3 Ke5 77. Kf1 f5 78. Kg2 Qe1 79. g4 f4 80. g5 1-0


[Site "https://www.chess.com"]

[Event "Titled Tuesday Blitz July 18 Late 2023"]
[White "Tristan, Leonardo"]
[Black "ArtemDyachuk"]
[WhiteFideId "113816"]
[WhiteElo "2788"]
[BlackElo "2524"]
[Result "1-0"]
[Round "2"]
[TimeControl "180+2"]
[Date "2023.07.18"]
[WhiteClock "0:01:00"]
[BlackClock "0:00:00"]
[Board "43"]

1. d4 Nf6 2. Nf3 e6 3. Bf4 c5 4. c3 Nc6 5. e3 Be7 6. h3 O-O 7. Nbd2 d5 8. Bd3 b6 9. O-O Bb7 10. Qe2 h6 11. Rfe1 a6 12. Rad1 b5 13. dxc5 Bxc5 14. e4 Ne7 15. e5 Nd7 16. Nd4 Re8 17. Qg4 Kh8 18. Qh5 Ng8 19. Qxf7 Nf8 20. Qxb7 Re7 21. Qc6 Rc7 22. Nxe6 Rxc6 23. Nxd8 Rxd8 24. Nb3 Ne6 25. Bg3 Bb6 26. Bf5 Rf8 27. Bxe6 Rxe6 28. Rxd5 Rg6 29. Nd4 Bc7 30. Rd7 Bb8 31. e6 Bxg3 32. fxg3 Rxg3 33. e7 Re8 34. Rd8 Nf6 35. Rxe8+ Nxe8 36. Rf1 Nf6 37. Rxf6 1-0


[Site "https://www.chess.com"]

[Event "Titled Tuesday Blitz July 18 Late 2023"]
[White "Golubovskis, Maksims"]
[Black "Elsa167"]
[WhiteFideId "11608528"]
[WhiteElo "2522"]
[BlackElo "2787"]
[Result "0-1"]
[Round "2"]
[TimeControl "180+2"]
[Date "2023.07.18"]
[WhiteClock "0:01:02"]
[BlackClock "0:01:36"]
[Board "44"]

1. d4 Nf6 2. Nf3 e6 3. e3 b6 4. Be2 Bb7 5. O-O d5 6. c4 Bd6 7. Nc3 a6 8. b3 Nbd7 9. Bb2 O-O 10. Rc1 Qe7 11. Bd3 dxc4 12. Bxc4 e5 13. dxe5 Nxe5 14. Nxe5 Qxe5 15. g3 Qf5 16. f3 Bc5 17. Rc2 Rfe8 18. Kg2 Ng4 19. e4 Ne3+ 20. Kh1 Nxd1 21. exf5 Ne3 22. Rff2 Nxc2 0-1


[Site "https://www.chess.com"]

[Event "Titled Tuesday Blitz July 18 Late 2023"]
[White "Kadric, Denis"]
[Black "Redzisz, Michal"]
[WhiteFideId "14403803"]
[BlackFideId "21816107"]
[WhiteElo "2786"]
[BlackElo "2522"]
[Result "1-0"]
[Round "2"]
[TimeControl "180+2"]
[Date "2023.07.18"]
[WhiteClock "0:00:23"]
[BlackClock "0:00:00"]
[Board "45"]

1. e4 c5 2. Nc3 Nc6 3. Nge2 g6 4. d4 cxd4 5. Nxd4 Bg7 6. Be3 Nf6 7. Bc4 d6 8. f3 O-O 9. Bb3 Bd7 10. h4 h5 11. Qd2 Rc8 12. O-O-O Ne5 13. Kb1 Re8 14. Bh6 Nc4 15. Bxc4 Rxc4 16. Bxg7 Kxg7 17. b3 Rc5 18. Nde2 Qa5 19. Nd5 Qxd2 20. Rxd2 Nxd5 21. exd5 Kf6 22. Kb2 Rec8 23. c3 a5 24. a3 a4 25. b4 Rc4 26. Rd4 b6 27. Re1 R8c7 28. Kc2 Bc8 29. Rxc4 Rxc4 30. Nd4 Bb7 31. g4 Bxd5 32. g5+ Kg7 33. Rxe7 Rc8 34. Rd7 Re8 35. Kd2 Bc4 36. Rxd6 b5 37. Rd7 Re5 38. Rc7 Kf8 39. Rc8+ Kg7 40. Rc5 Re8 41. Nxb5 Re2+ 42. Kd1 Bxb5 43. Rxb5 Ra2 44. Ra5 Rxa3 45. Kc2 Ra2+ 46. Kd3 Rh2 47. b5 Rxh4 48. b6 Rh1 49. Rxa4 Rd1+ 50. Ke2 Rd8 51. c4 f6 52. Ra7+ Kf8 53. gxf6 Rb8 54. c5 Ke8 55. Rh7 Rxb6 56. cxb6 1-0


[Site "https://www.chess.com"]

[Event "Titled Tuesday Blitz July 18 Late 2023"]
[White "Oganian, Miran"]
[Black "Leenhouts, Koen"]
[WhiteFideId "4122488"]
[BlackFideId "1008439"]
[WhiteElo "2779"]
[BlackElo "2521"]
[Result "1-0"]
[Round "2"]
[TimeControl "180+2"]
[Date "2023.07.18"]
[WhiteClock "0:00:20"]
[BlackClock "0:00:00"]
[Board "46"]

1. e4 e6 2. d4 d5 3. Nc3 Bb4 4. a3 Bxc3+ 5. bxc3 dxe4 6. f3 exf3 7. Nxf3 Nf6 8. Bd3 Nbd7 9. O-O b6 10. Bg5 h6 11. Bh4 g5 12. Bg3 Bb7 13. Ne5 Qe7 14. a4 a5 15. Qe2 Rf8 16. Nxd7 Nxd7 17. Bxc7 Rc8 18. Bg3 Rxc3 19. Rab1 Bc6 20. Kh1 f5 21. Rbe1 f4 22. Qg4 Bd5 23. Qh5+ Kd8 24. Bf2 f3 25. g3 Nf6 26. Qxh6 Ng4 27. Qh5 Nxf2+ 28. Rxf2 Kc7 29. Kg1 Qf6 30. Qh7+ Rf7 31. Qg8 Rd7 32. Rb1 Qxd4 33. Qxg5 Rc5 34. Qc1 Bc6 35. Qa3 e5 36. Qb3 Rc3 37. Qe6 e4 38. Bb5 e3 39. Rxf3 e2+ 40. Kg2 Bxf3+ 41. Kh3 1-0


[Site "https://www.chess.com"]

[Event "Titled Tuesday Blitz July 18 Late 2023"]
[White "Chor, Kevin"]
[Black "Morefield, Jason"]
[WhiteFideId "2090740"]
[BlackFideId "30920825"]
[WhiteElo "2519"]
[BlackElo "2763"]
[Result "0-1"]
[Round "2"]
[TimeControl "180+2"]
[Date "2023.07.18"]
[WhiteClock "0:00:06"]
[BlackClock "0:00:06"]
[Board "47"]

1. e4 d6 2. d4 Nf6 3. Nc3 g6 4. f4 Bg7 5. Nf3 c5 6. dxc5 Qa5 7. Bd2 Qxc5 8. Qe2 O-O 9. O-O-O Nc6 10. Kb1 Be6 11. Ng5 Bg4 12. Nf3 Nd4 13. Qd3 Nxf3 14. gxf3 Bd7 15. Be3 Qa5 16. Qd2 Rfc8 17. Bd4 e5 18. fxe5 dxe5 19. Be3 Be6 20. a3 Rd8 21. Bd3 Rac8 22. Bg5 Rd7 23. h4 Nh5 24. Rhg1 Nf4 25. h5 Nxd3 26. cxd3 Bb3 27. Rc1 Qa6 28. Nd5 Rxc1+ 29. Rxc1 f6 30. Rc8+ Kf7 31. Bxf6 Bxf6 32. Qh6 Qxd3+ 33. Ka1 Bxd5 34. Qf8+ Ke6 35. Re8+ Re7 36. Qg8+ Kd6 37. Rd8+ Rd7 38. Qf8+ Be7 39. Rxd7+ Kxd7 0-1


[Site "https://www.chess.com"]

[Event "Titled Tuesday Blitz July 18 Late 2023"]
[White "Schmakel, Sam"]
[Black "Garakov, Mikhael"]
[WhiteFideId "2039311"]
[BlackFideId "4169034"]
[WhiteElo "2763"]
[BlackElo "2518"]
[Result "0-1"]
[Round "2"]
[TimeControl "180+2"]
[Date "2023.07.18"]
[WhiteClock "0:00:00"]
[BlackClock "0:00:53"]
[Board "48"]

1. d4 c5 2. d5 g6 3. e4 Bg7 4. a4 d6 5. Bb5+ Bd7 6. Nf3 Nf6 7. Nc3 O-O 8. h3 Bxb5 9. axb5 Nbd7 10. O-O Ne8 11. Qe2 Nb6 12. Bf4 Nc7 13. Rfd1 Qd7 14. e5 c4 15. Ra5 a6 16. Qe3 Nc8 17. b6 Ne8 18. Qd4 Qd8 19. Na4 dxe5 20. Bxe5 Bxe5 21. Nxe5 Ned6 22. Re1 Nf5 23. Qc5 Ncd6 24. Nc3 Rc8 25. Qb4 Nd4 26. Qa4 Qxb6 27. Ne4 Qxb2 28. Nxd6 exd6 29. Nxc4 Qc3 30. Qa1 Qxa1 0-1


[Site "https://www.chess.com"]

[Event "Titled Tuesday Blitz July 18 Late 2023"]
[White "Balague Camps, Marc"]
[Black "Priasmoro, Novendra"]
[WhiteFideId "2297914"]
[BlackFideId "7105029"]
[WhiteElo "2517"]
[BlackElo "2762"]
[Result "0-1"]
[Round "2"]
[TimeControl "180+2"]
[Date "2023.07.18"]
[WhiteClock "0:00:13"]
[BlackClock "0:00:08"]
[Board "49"]

1. d4 Nf6 2. c4 e6 3. Nc3 d5 4. cxd5 exd5 5. Bg5 Be6 6. e3 a6 7. Bd3 Nbd7 8. Nge2 Be7 9. Nf4 O-O 10. Nxe6 fxe6 11. O-O c5 12. dxc5 Nxc5 13. Be2 h6 14. Bh4 Nfe4 15. Bxe7 Qxe7 16. Nxe4 Nxe4 17. Bd3 Nd6 18. Rc1 Rac8 19. Qg4 Qf6 20. Rxc8 Rxc8 21. h4 Kf7 22. h5 Qxb2 23. Rb1 Rc1+ 24. Rxc1 Qxc1+ 25. Kh2 Qc3 26. Qf4+ Ke7 27. Bg6 Qc4 28. Qe5 Qh4+ 29. Kg1 Qf6 30. Qg3 b5 31. f3 a5 32. Qf2 b4 33. e4 Qa1+ 34. Kh2 dxe4 35. Qa7+ Kf6 36. f4 Qc1 37. Qd4+ Ke7 38. Qxg7+ Kd8 39. Qf8+ Kd7 40. Qg7+ Kc6 41. Qf8 Kd5 42. Qxh6 e3 43. f5 exf5 44. Qf4 Qc3 45. h6 e2 46. h7 e1=Q 47. Bf7+ Nxf7 48. Qxf5+ Qee5+ 49. Qxe5+ Qxe5+ 50. Kh3 Qh8 0-1


[Site "https://www.chess.com"]

[Event "Titled Tuesday Blitz July 18 Late 2023"]
[White "Matinian, Nikita"]
[Black "Besedes, Danilo"]
[WhiteFideId "24129100"]
[BlackFideId "946796"]
[WhiteElo "2750"]
[BlackElo "2516"]
[Result "1/2-1/2"]
[Round "2"]
[TimeControl "180+2"]
[Date "2023.07.18"]
[WhiteClock "0:00:21"]
[BlackClock "0:00:09"]
[Board "50"]

1. e4 g6 2. d4 Bg7 3. Nc3 c6 4. f4 d5 5. e5 h5 6. Be3 Nh6 7. Qd2 Ng4 8. O-O-O Nxe3 9. Qxe3 Bf5 10. Nf3 e6 11. Rg1 Nd7 12. g3 Bg4 13. h3 Bxf3 14. Qxf3 Qe7 15. g4 hxg4 16. hxg4 O-O-O 17. Kb1 a6 18. f5 gxf5 19. gxf5 Bh6 20. Rh1 Rdg8 21. Bd3 Bf8 22. Ne2 c5 23. c3 cxd4 24. cxd4 Qb4 25. Rxh8 Rxh8 26. fxe6 fxe6 27. Qf7 Qe7 28. Rc1+ Kb8 29. Qxe7 Bxe7 30. Nf4 Bg5 31. Rf1 Bxf4 32. Rxf4 Rf8 33. Rh4 Rf3 34. Kc2 Rf2+ 35. Kc3 Kc7 36. Rh7 Kd8 37. a4 Rf3 38. Rh6 Ke7 39. a5 Rg3 40. b4 Rf3 41. Rh7+ Rf7 42. Rxf7+ Kxf7 43. b5 axb5 44. Bxb5 Nf8 45. Kb4 Ke7 46. Kc5 Nd7+ 47. Bxd7 Kxd7 48. Kb6 Kc8 49. a6 Kb8 50. Kb5 Ka7 51. Kc5 bxa6 52. Kd6 a5 53. Kxe6 a4 54. Kxd5 a3 55. e6 a2 56. e7 a1=Q 57. e8=Q Qa2+ 58. Kd6 Qa3+ 59. Kd5 Qa2+ 60. Kd6 Qa3+ 61. Kd5 Qa2+ 1/2-1/2


[Site "https://www.chess.com"]

[Event "Titled Tuesday Blitz July 18 Late 2023"]
[White "Hnydiuk, Aleksander"]
[Black "Llorente Zaro, Alfonso"]
[WhiteFideId "1109057"]
[BlackFideId "2254131"]
[WhiteElo "2515"]
[BlackElo "2749"]
[Result "0-1"]
[Round "2"]
[TimeControl "180+2"]
[Date "2023.07.18"]
[WhiteClock "0:00:31"]
[BlackClock "0:00:40"]
[Board "51"]

1. e4 d6 2. d4 Nf6 3. Nc3 e5 4. Nf3 Nbd7 5. g4 g6 6. g5 Nh5 7. Be3 c6 8. Qd2 Be7 9. O-O-O b5 10. Ne2 Nb6 11. Ng3 Bg4 12. Be2 Nc4 13. Qc3 Nxe3 14. fxe3 O-O 15. dxe5 Qc7 16. exd6 Bxd6 17. e5 Nxg3 18. hxg3 Be7 19. Nd4 Bxe2 20. Nxe2 Bxg5 21. Nd4 Qxe5 22. Qxc6 Bxe3+ 23. Kb1 Bxd4 0-1


[Site "https://www.chess.com"]

[Event "Titled Tuesday Blitz July 18 Late 2023"]
[White "Droin, Augustin"]
[Black "Fernandez, Daniel"]
[WhiteFideId "45105987"]
[BlackFideId "2015390"]
[WhiteElo "2515"]
[BlackElo "2746"]
[Result "1-0"]
[Round "2"]
[TimeControl "180+2"]
[Date "2023.07.18"]
[WhiteClock "0:01:24"]
[BlackClock "0:00:00"]
[Board "52"]

1. e4 c5 2. Nf3 d6 3. d4 cxd4 4. Nxd4 Nf6 5. Bb5+ Bd7 6. c4 g6 7. O-O Bg7 8. Nc3 O-O 9. Bxd7 Nbxd7 10. Be3 e6 11. Ndb5 d5 12. cxd5 exd5 13. exd5 a6 14. Na3 b5 15. Nc2 Nb6 16. Nb4 Nc4 17. Bc5 Re8 18. b3 Nd6 19. Nc6 Qd7 20. Rc1 Rac8 21. Bd4 Nf5 22. Bxf6 Bxf6 23. a4 Qb7 24. Qd3 1-0


[Site "https://www.chess.com"]

[Event "Titled Tuesday Blitz July 18 Late 2023"]
[White "Taranenko, Evgueniy"]
[Black "Urbina Perez, Juan Antonio"]
[WhiteFideId "14122138"]
[BlackFideId "2217368"]
[WhiteElo "2744"]
[BlackElo "2515"]
[Result "1-0"]
[Round "2"]
[TimeControl "180+2"]
[Date "2023.07.18"]
[WhiteClock "0:01:26"]
[BlackClock "0:00:58"]
[Board "53"]

1. e4 c5 2. Nf3 d6 3. d4 cxd4 4. Nxd4 Nf6 5. f3 e5 6. Bb5+ Nbd7 7. Nf5 d5 8. exd5 a6 9. Ba4 b5 10. Bb3 Nc5 11. Ne3 Bb7 12. c4 Nxb3 13. axb3 Bc5 14. Nc3 O-O 15. O-O Rc8 16. Qe2 Bd4 17. Kh1 b4 18. Ne4 Ne8 19. Nf5 Bb6 20. f4 exf4 21. Bxf4 Bc5 22. Rae1 h6 23. Qg4 Kh7 24. Nxc5 Rxc5 25. Rxe8 1-0


[Site "https://www.chess.com"]

[Event "Titled Tuesday Blitz July 18 Late 2023"]
[White "Riehle, Marco"]
[Black "Erzhanov, Arman"]
[WhiteFideId "12904392"]
[BlackFideId "4138821"]
[WhiteElo "2739"]
[BlackElo "2511"]
[Result "1-0"]
[Round "2"]
[TimeControl "180+2"]
[Date "2023.07.18"]
[WhiteClock "0:01:02"]
[BlackClock "0:00:01"]
[Board "54"]

1. e4 d6 2. d4 Nf6 3. f3 d5 4. e5 Nfd7 5. f4 c5 6. c3 Nc6 7. Nf3 cxd4 8. cxd4 Nb6 9. Bd3 Bg4 10. Be3 e6 11. a3 Nc4 12. Bxc4 dxc4 13. O-O Na5 14. Qa4+ Ke7 15. d5 f6 16. exf6+ gxf6 17. dxe6 Bxe6 18. Ng5 b6 19. Nc3 fxg5 20. f5 Bd7 21. Qd1 h6 22. f6+ Kf7 23. Qh5+ Ke6 24. Rad1 Bd6 25. Bd4 Nc6 26. f7 Be5 27. Qg6+ Ke7 28. Bxe5 Nxe5 29. Qf6+ Kf8 30. Qxh8+ Ke7 31. Qxe5+ Kf8 32. Nd5 Qc7 33. Qh8# 1-0


[Site "https://www.chess.com"]

[Event "Titled Tuesday Blitz July 18 Late 2023"]
[White "Richter, Paul"]
[Black "Mikhailovsky, Vladimir"]
[WhiteFideId "2046350"]
[BlackFideId "34105414"]
[WhiteElo "2511"]
[BlackElo "2733"]
[Result "0-1"]
[Round "2"]
[TimeControl "180+2"]
[Date "2023.07.18"]
[WhiteClock "0:00:30"]
[BlackClock "0:01:35"]
[Board "55"]

1. e4 e5 2. Nf3 d5 3. Nxe5 Bd6 4. d4 dxe4 5. Nc4 Nf6 6. Nc3 O-O 7. Bg5 Re8 8. Qd2 Nc6 9. O-O-O h6 10. Bh4 Bf5 11. h3 Bh7 12. Nxd6 cxd6 13. Nd5 e3 14. fxe3 g5 15. Nxf6+ Qxf6 16. Bg3 Rac8 17. c3 Nb4 18. b3 Rxc3+ 0-1


[Site "https://www.chess.com"]

[Event "Titled Tuesday Blitz July 18 Late 2023"]
[White "Fantastic_Power"]
[Black "Guliev, Logman"]
[BlackFideId "13400061"]
[WhiteElo "2732"]
[BlackElo "2511"]
[Result "1-0"]
[Round "2"]
[TimeControl "180+2"]
[Date "2023.07.18"]
[WhiteClock "0:00:31"]
[BlackClock "0:00:00"]
[Board "56"]

1. d4 Nf6 2. c4 g6 3. Nc3 Bg7 4. e4 d6 5. Nf3 O-O 6. Be2 e5 7. O-O Nbd7 8. dxe5 dxe5 9. Be3 c6 10. h3 Qe7 11. Nd2 Nc5 12. b4 Ne6 13. c5 Nd4 14. Nc4 Be6 15. Nxe5 Nxe2+ 16. Qxe2 Nxe4 17. Nxe4 Bxe5 18. Rad1 Bg7 19. Nd6 Bd5 20. Rfe1 b5 21. Bd4 Qg5 22. f3 Be6 23. Bxg7 Kxg7 24. Qb2+ Qf6 25. Re5 Rad8 26. Rde1 Bd5 27. a3 Kg8 28. Qd4 a6 29. Rxd5 1-0


[Site "https://www.chess.com"]

[Event "Titled Tuesday Blitz July 18 Late 2023"]
[White "Luo, Terry"]
[Black "Sokolovsky, Yahli"]
[WhiteFideId "30931045"]
[BlackFideId "2820242"]
[WhiteElo "2510"]
[BlackElo "2728"]
[Result "0-1"]
[Round "2"]
[TimeControl "180+2"]
[Date "2023.07.18"]
[WhiteClock "0:01:38"]
[BlackClock "0:00:11"]
[Board "57"]

1. d4 d5 2. c4 e6 3. Nf3 c6 4. Bg5 f6 5. Bh4 Ne7 6. e3 Nf5 7. Bg3 Bb4+ 8. Nc3 Qa5 9. Qb3 Nd7 10. a3 Bxc3+ 11. Qxc3 Qxc3+ 12. bxc3 Nb6 13. c5 Na4 14. Kd2 b5 15. Bc7 a5 16. g4 Kd7 17. Bf4 Ne7 18. Bd3 Ng6 19. Bg3 e5 20. Bxg6 hxg6 21. Nh4 Ke8 22. Nxg6 Rh6 23. Nh4 Bxg4 24. h3 Be6 25. Nf3 e4 26. Ng1 Nb2 27. Ne2 Bxh3 28. Nf4 Bg4 29. Rxh6 gxh6 30. Rh1 h5 31. Nxh5 Nc4+ 32. Kc1 Bxh5 33. Rxh5 Kf7 34. Rh7+ Kg6 35. Rc7 Ra6 36. Rxc6 Rxc6 0-1


[Site "https://www.chess.com"]

[Event "Titled Tuesday Blitz July 18 Late 2023"]
[White "Barski, Radoslaw"]
[Black "Nasuta, Grzegorz"]
[WhiteFideId "1131710"]
[BlackFideId "1141686"]
[WhiteElo "2510"]
[BlackElo "2720"]
[Result "0-1"]
[Round "2"]
[TimeControl "180+2"]
[Date "2023.07.18"]
[WhiteClock "0:00:03"]
[BlackClock "0:00:18"]
[Board "58"]

1. d4 d5 2. c4 e6 3. Nc3 c6 4. Nf3 dxc4 5. a4 Bb4 6. e3 b5 7. Bd2 a5 8. axb5 Bxc3 9. Bxc3 cxb5 10. b3 Bb7 11. bxc4 b4 12. Bb2 Nf6 13. Bd3 O-O 14. O-O Nbd7 15. Nd2 Qc7 16. f4 a4 17. Rb1 Rfd8 18. Qe2 Qd6 19. e4 Nc5 20. e5 Qc6 21. Bc2 b3 22. exf6 bxc2 23. Rbe1 Nd3 24. d5 Qb6+ 25. Kh1 Nxe1 26. Qg4 g6 27. Be5 c1=Q 28. Qg5 Nd3 29. c5 Qbxc5 30. h4 0-1


[Site "https://www.chess.com"]